 Dungeon Crawl Stone Soup version 0.19-a0-719-gcc390b8 (webtiles) character file.

36 Ordine the Changer (level 3, 0/23 HPs)
             Began as an Octopode Transmuter on June 21, 2016.
             Succumbed to an adder's poison
             ... on level 2 of the Dungeon.
             The game lasted 00:02:12 (1305 turns).

Ordine the Changer (Octopode Transmuter)            Turns: 1305, Time: 00:02:12

Health: 0/23       AC:  1    Str: 14    XL:     3   Next: 37%
Magic:  6/6        EV: 12    Int: 16    God:
Gold:   64         SH:  0    Dex: 12    Spells: 1 memorised, 5 levels left

rFire  . . .     SeeInvis .       - Unarmed
rCold  . . .     Gourm    .     (no shield)
rNeg   . . .     Faith    .     (helmet restricted)
rPois  .         Spirit   .     (no amulet)
rElec  .         Dismiss  .     a - ring of wizardry
rCorr  .         Reflect  .     (no ring)
SustAt .         Harm     .     (no ring)
MR     .....                    (no ring)
Stlth  +++.......               (no ring)
                                (no ring)
                                (no ring)
                                (no ring)

@: mighty, lethally poisoned (0 -> -8), very slightly contaminated, hasted, very
quick, not resistant to hostile enchantments, fairly stealthy
A: almost no armour, amphibious, 8 rings, constrict 8, camouflage 1, gelatinous
body 1
a: no special abilities


You were on level 2 of the Dungeon.
You were not hungry.

You visited 1 branch of the dungeon, and saw 2 of its levels.

You collected 64 gold pieces.

Inventory:

Jewellery
 a - a ring of wizardry (left tentacle)
Scrolls
 d - a scroll of remove curse
Books
 b - a book of Changes

   Spells                             Type                      Level
   a - Beastly Appendage              Transmutation                1
   b - Sticks to Snakes               Transmutation                2
   c - Spider Form                    Transmutation/Poison         3
   d - Ice Form                       Ice/Transmutation            4
   e - Blade Hands                    Transmutation                5
Comestibles
 c - a bread ration
 f - a chunk of flesh
 g - a meat ration


   Skills:
 - Level 1.0 Fighting
 - Level 2.0 Dodging
 + Level 2.4 Stealth
 - Level 3.0 Unarmed Combat
 - Level 2.0 Spellcasting
 * Level 3.1 Transmutations


You had 5 spell levels left.
You knew the following spells:

 Your Spells              Type           Power        Failure   Level  Hunger
a - Beastly Appendage     Tmut           ##....       3%          1    #......


Dungeon Overview and Level Annotations

Branches:
Dungeon (2/15)

Altars:


Innate Abilities, Weirdness & Mutations

You cannot wear most types of armour.
You are amphibious.
You can wear up to eight rings at the same time.
You can use your tentacles to constrict eight enemies at once.
Your skin changes colour to match your surroundings (Stealth+).
Your rubbery body absorbs attacks. (AC +1)


Message History

Okay, then.
You bludgeon the adder!
You kill the adder!
* * * LOW HITPOINT WARNING * * *
You feel sick.
The quokka bites you but does no damage.
The quokka closely misses you.
You barely miss the quokka. Your grab misses the quokka.
The quokka closely misses you.
You miss the quokka. You grab the quokka. You squeeze the quokka.
You kill the quokka!
* * * LOW HITPOINT WARNING * * *
You feel sick.
* * * LOW HITPOINT WARNING * * *
You feel sick.
You feel yourself speed up.
You are very lightly contaminated with residual magic.
* * * LOW HITPOINT WARNING * * *
You feel sick.
You die...

#.##..##......
#.....<.$##.#
......##.##..# ###
.........##.######...
...................
#..)#.####.#####.###.
.........#....%......
##....##....#.....#
..#..#@.....(....#
..#....##.#)##...#
##.#.......#.#....#
......)..###รท..####
##..#.#......#$....#
#.#..w)............
#..................
#..#........(......
............(...$...


You could see a worm.

Vanquished Creatures
  An adder (D:2)
  An ooze (D:2)
  A giant cockroach (D:2)
  5 goblins
  3 hobgoblins
  A quokka (D:2)
  A ball python (D:2)
  4 bats
  A giant newt (D:1)
  3 kobolds
  2 rats
23 creatures vanquished.

Notes
Turn   | Place    | Note
--------------------------------------------------------------
     0 | D:1      | Ordine the Octopode Transmuter began the quest for the Orb.
     0 | D:1      | Reached XP level 1. HP: 13/13 MP: 3/3
   438 | D:1      | Reached skill level 1 in Stealth
   601 | D:1      | Reached XP level 2. HP: 9/18 MP: 5/5
  1288 | D:2      | Reached XP level 3. HP: 20/23 MP: 6/6
  1303 | D:2      | HP: 1/23 [poisoned by an adder]
  1305 | D:2      | Succumbed to an adder's poison

Vault maps used:
D:1:      dpeg_arrival_leaves_temple_mockup, serial_curves, eino_curves_02,
          eino_curves_03, minmay_crystal_room
D:2:      first_bread, nicolae_ru_great_annihilating_truth

Skill      XL: |  1  2  3 |
---------------+----------+-----
Stealth        | 1 2 |  2.4
Transmutations | 3 |  3.1
Fighting       | |  1.0
Dodging        | |  2.0
Unarmed Combat | |  3.0
Spellcasting   | |  2.0

Action                   || total
-------------------------++-------
Melee: Unarmed           ||    49
       Constrict         ||     9
       Tentacles         ||     8
       Punch             ||     2
  Use: Scroll            ||     5
       Potion            ||     2
 Stab: Sleeping          ||     1
       Distracted        ||     1
  Eat: Chunk             ||     1
Armor: Skin              ||     5
Dodge: Dodged            ||    22
